 Dungeon Crawl Stone Soup version 0.21.1-1-g345015f (webtiles) character file.

361 diana the Ruffian (level 6, -4/48 HPs)
             Began as a Demonspawn Gladiator on June 17, 2018.
             Slain by an ogre
             ... wielding a +0 giant spiked club
              (17 damage)
             ... on level 4 of the Dungeon.
             The game lasted 00:05:14 (3610 turns).

diana the Ruffian (Demonspawn Gladiator)            Turns: 3610, Time: 00:05:15

Health: -4/48      AC:  4    Str: 17    XL:     6   Next: 38%
Magic:  6/6        EV: 13    Int:  9    God:
Gold:   167        SH:  0    Dex: 16    Spells: 5/5 levels left

rFire    + . .     SeeInvis +     - Unarmed
rCold    . . .     Gourm    .   (no shield)
rNeg     . . .     Faith    .   a - +0 leather armour
rPois    .         Spirit   .   b - +0 helmet
rElec    .         Reflect  .   (no cloak)
rCorr    .         Harm     .   (no gloves)
MR       .....                  (no boots)
Stlth    +.........             (no amulet)
HPRegen  0.16/turn              (no ring)
MPRegen  0.10/turn              (no ring)

@: no status effects
A: see invisible, agile 1, fire resistance 1, high mp 1, powered by death 2,
sturdy frame 1
a: no special abilities


You were on level 4 of the Dungeon.
You were not hungry.

You visited 1 branch of the dungeon, and saw 4 of its levels.

You collected 167 gold pieces.

Inventory:

Missiles
 c - 4 throwing nets (quivered)
Armour
 a - a +0 leather armour (worn)
 b - a +0 helmet (worn)
Scrolls
 f - 5 scrolls of teleportation {unknown}
 g - a scroll of amnesia {unknown}
 h - 2 scrolls of blinking {unknown}
 i - 2 scrolls of immolation {unknown}
 k - a scroll of magic mapping {unknown}
 m - 4 scrolls of identify {unknown}
 n - a scroll of fear {unknown}
 o - 3 scrolls of remove curse {unknown}
Potions
 j - 2 potions of lignification
 p - a potion of curing
Books
 e - a book of Maledictions

   Spells                             Type                      Level
   a - Corona                         Hexes                        1
   b - Ensorcelled Hibernation        Hexes/Ice                    2
   c - Confuse                        Hexes                        3
   d - Tukima's Dance                 Hexes                        3
   e - Dazzling Spray                 Conjuration/Hexes            3
Comestibles
 d - 6 rations
 l - 4 chunks of flesh


   Skills:
 + Level 3.8 Fighting
 - Level 1.7 Throwing
 + Level 2.7 Armour
 - Level 2.6 Dodging
 * Level 5.0 Unarmed Combat


You had 5 spell levels left.
You didn't know any spells.

Dungeon Overview and Level Annotations

Branches:
Dungeon (4/15)
 Temple: D:4-7

Altars:
Cheibriados


Innate Abilities, Weirdness & Mutations

Your flesh is heat resistant. (rF+)
You regenerate health from kills.
Your movements are slightly less encumbered by armour. (ER -2)
You have supernaturally acute eyesight. (SInv)
You are agile. (Dex +2)
You have an increased reservoir of magic. (+10% MP)


Message History

You see here a ring mail.
Found 20 bolts.
You see here 15 stones.
An ogre comes into view. It is wielding a giant spiked club.
The ogre shouts!
Found 15 gold pieces.
An ogre is nearby!
You barely miss the ogre. The ogre misses you.
You hit the ogre but do no damage. You barely miss the ogre.
The ogre hits you with a giant spiked club!!
Ouch! That really hurt!
* * * LOW HITPOINT WARNING * * *
Throwing (i - inventory):
c - 5 throwing nets (quivered)
Press: ? - help, Shift-Dir - straight line, f - ogre
Aim: an ogre, wielding a giant spiked club You throw a throwing net.
The throwing net barely misses the ogre.
The ogre hits you with a giant spiked club!
You die...

#.# #. #.# #.
###.######### #.#
#...........# ##.##
#.#.#######.# #
##...###.#.##### #.# #
##.....#........# #.# #
#......(........###.###
#.....@#..#.###.......#
#.#..O##..#.....###.#..
#.(###..#####.###.#..
#..#.# #..# #.......†
#. #.. #..#####.###)...
#( .$#.#..[............
# .#.##############...
.. # ###.. #. ..###....


You could see an ogre.

Vanquished Creatures
  A black bear (D:3)
  A scorpion (D:3)
  2 bullfrog skeletons (D:4)
  A hound skeleton (D:4)
  3 adders
  7 gnolls
  A dart slug (D:3)
  A leopard gecko (D:3)
  4 orcs (D:3)
  A giant cockroach (D:2)
  7 goblins
  4 hobgoblins
  4 jackals (D:2)
  5 kobolds
  2 quokkas
  2 ball pythons (D:3)
  6 bats
  2 frilled lizards
  5 rats
59 creatures vanquished.

Notes
Turn   | Place    | Note
-------+----------+-------------------------------------------
     0 | D:1      | diana the Demonspawn Gladiator began the quest for the Orb.
     0 | D:1      | Reached XP level 1. HP: 16/16 MP: 1/1
  1054 | D:2      | Reached skill level 3 in Unarmed Combat
  1077 | D:2      | Gained mutation: You regenerate a little health from kills. [demonic ancestry]
  1077 | D:2      | Reached XP level 2. HP: 16/22 MP: 2/2
  1428 | D:2      | Reached skill level 1 in Armour
  1433 | D:2      | Gained mutation: You regenerate health from kills. [demonic ancestry]
  1433 | D:2      | Reached XP level 3. HP: 17/28 MP: 3/3
  1887 | D:2      | Gained mutation: You are agile. (Dex +2) [potion of mutation]
  1887 | D:2      | Gained mutation: Your movements are slightly less encumbered by armour. (ER -2) [potion of mutation]
  1887 | D:2      | Gained mutation: You have an increased reservoir of magic. (+10% MP) [potion of mutation]
  1887 | D:2      | Gained mutation: You have supernaturally acute eyesight. (SInv) [potion of mutation]
  1939 | D:2      | Mutation became permanent: Your movements are slightly less encumbered by armour. (ER -2) [demonic ancestry]
  1939 | D:2      | Gained mutation: Your movements are slightly less encumbered by armour. (ER -2) [demonic ancestry]
  1939 | D:2      | Reached XP level 4. HP: 11/34 MP: 4/4
  2148 | D:3      | Noticed a black bear
  2372 | D:3      | Found a snail-covered altar of Cheibriados.
  2544 | D:3      | Killed a black bear
  2544 | D:3      | Reached skill level 4 in Unarmed Combat
  2544 | D:3      | Gained mutation: Your flesh is heat resistant. (rF+) [demonic ancestry]
  2544 | D:3      | Reached XP level 5. HP: 14/41 MP: 5/5
  3398 | D:4      | Reached XP level 6. HP: 31/47 MP: 6/6
  3504 | D:4      | Reached skill level 5 in Unarmed Combat
  3610 | D:4      | Slain by an ogre

Skill      XL: |  1  2  3  4  5  6 |
---------------+-------------------+-----
Unarmed Combat | 3 4 5 |  5.0
Armour         | 1 2 |  2.7
Fighting       | 3 |  3.8
Throwing       | |  1.7
Dodging        | |  2.6

Action                   |  1- 3 |  4- 6 || total
-------------------------+-------+-------++-------
Melee: Unarmed           |   139 |   168 ||   307
       Punch             |     2 |     5 ||     7
Throw: Throwing net      |       |     2 ||     2
  Use: Potion            |     4 |     2 ||     6
 Stab: Sleeping          |       |     1 ||     1
  Eat: Chunk             |     2 |     7 ||     9
Armor: Leather armour    |    30 |    45 ||    75
       Skin              |     2 |       ||     2
Dodge: Dodged            |    83 |   108 ||   191
